 Dungeon Sprint DCSS version 0.29-a0-398-ge13fd1374b (webtiles) character file.

Game seed: 2311069985365735604

2100000 Zeld the Conqueror (level 16, -64/183 HPs)
             Began as a Minotaur Monk on May 12, 2022.
             Was a High Priest of Makhleb.
             Annihilated by a large bag of meat
             ... wielding a +9 giant spiked club
              (128 damage)
             ... in the Dungeon (Sprint VIII: "Arena of Blood").
             The game lasted 00:00:24 (21 turns).

Zeld the Conqueror (Minotaur Monk)                    Turns: 21, Time: 00:00:25

Health: -64/183    AC:  2    Str: 22    XL:     16   Next: 20%
Magic:  15/15      EV: 27    Int:  7    God:    Makhleb [*****.]
Gold:   0          SH:  0    Dex: 15    Spells: 15/15 levels left

rFire   . . .      SeeInvis .   i - +∞ Axe of Woe
rCold   . . .      Faith    .   (shield currently unavailable)
rNeg    . . .      Spirit   .   a - +0 robe
rPois   .          Reflect  .   (helmet restricted)
rElec   .          Harm     .   (no cloak)
rCorr   .          Rampage  .   (no gloves)
Will    +....      NoTele   +   (no boots)
Stlth   ++++++....              (no amulet)
HPRegen 0.40/turn               (no ring)
MPRegen 0.14/turn               (no ring)

@: no status effects
A: horns 2, retaliatory headbutt
a: Renounce Religion, Minor Destruction, Lesser Servant of Makhleb, Major
Destruction, Greater Servant of Makhleb


You were in the Dungeon.
You worshipped Makhleb.
Makhleb was extremely pleased with you.
You visited 1 branch

Inventory:

Hand Weapons
 i - the +∞ Axe of Woe (weapon)
   (You found it in the Dungeon)
Armour
 a - a +0 robe (worn)
Scrolls
 h - a scroll of blinking
Potions
 b - a potion of ambrosia
 c - a potion of curing
 d - a potion of heal wounds
 e - a potion of haste
 f - 2 potions of magic
 g - a potion of berserk rage


   Skills:
 O Level 27 Fighting
 O Level 27 Axes
 O Level 27 Dodging
 + Level 14.8 Stealth
 O Level 27 Unarmed Combat


You had 15 spell levels left.
You didn't know any spells.
Your spell library was empty.

Dungeon Overview and Level Annotations

Branches:
Dungeon (1/1)

Altars:
Makhleb


Innate Abilities, Weirdness & Mutations

You have a pair of horns on your head.
You reflexively headbutt those who attack you in melee.


Message History

Makhleb accepts your kill.
You hear a shout! x10
Your Axes skill gained 7 levels and is now at level 21!
You have mastered Dodging!
Your Stealth skill gained 2 levels and is now at level 11!
You have mastered Unarmed Combat!
Unknown command.
Unknown command.
Unknown command.
Search for what [? for help]? ring The large bag of meat appears out of thin air!
A large bag of meat comes into view. It is wielding a +9 giant spiked club.
You hear a shout! x5
You hear a shout! x5
The large bag of meat shouts in stereo!
You slice the large bag of meat!!
Flame seeps out of the large bag of meat.
You hew the large bag of meat savagely.
Makhleb accepts your kill.
You can now summon a greater servant of Makhleb.
You feel better.
You slice the bag of meat!!
You pulverise the bag of meat into a thin bloody mist.
You kill the bag of meat!
Makhleb accepts your kill.
You feel better.
The large bag of meat explodes!
The fiery explosion engulfs you!!
The large bag of meat appears out of thin air!
A large bag of meat comes into view. It is wielding a +9 giant spiked club.
You hear a shout! x14
You have mastered Axes!
Your Stealth skill gained 3 levels and is now at level 14!
You have reached level 16!
You feel stronger.
You hear a shout!
A destroyer comes into view. It is wielding a +9 vorpal great sword.
You hear a shout! x8
The large bag of meat hits you with a +9 giant spiked club!!!! x2
Ouch! That really hurt!
You die...

... ..... #..
...# . #.. ...#
. ..###..
...###..
......###......
......_...V..
#.O§§§# #_@<○§#
#..§§.#
......_......
......###......
..###..
...###.. . #..
...# . #.. ...#
... .....


You could see a destroyer and a large bag of meat (inner flame).

Vanquished Creatures
  4 ogres (D)
  A two-headed ogre (D)
  7 orcs (D)
12 creatures vanquished.

Notes
Turn   | Place    | Note
-------+----------+-------------------------------------------
     0 | D        | Found the +∞ Axe of Woe
     0 | D        | Zeld the Minotaur Monk began the quest for the Orb.
     0 | D        | Reached XP level 1. HP: 19/19 MP: 0/0
     4 | D        | Became a worshipper of Makhleb the Destroyer
     4 | D        | Reached * piety under Makhleb
     4 | D        | Reached ** piety under Makhleb
     4 | D        | Noticed a meat berserker
     5 | D        | Noticed a bag of meat
     6 | D        | Noticed a bag of meat
     6 | D        | Noticed a meat berserker
     7 | D        | Killed a meat berserker
     7 | D        | Noticed a meat berserker
     8 | D        | Reached skill level 5 in Axes
     8 | D        | Reached skill level 5 in Stealth
     8 | D        | Reached XP level 2. HP: 56/56 MP: 1/1
     8 | D        | Reached XP level 3. HP: 63/63 MP: 2/2
     8 | D        | Reached XP level 4. HP: 71/71 MP: 3/3
     8 | D        | Reached XP level 5. HP: 79/79 MP: 4/4
     8 | D        | Reached XP level 6. HP: 86/86 MP: 5/5
     8 | D        | Reached XP level 7. HP: 94/94 MP: 6/6
     8 | D        | Reached XP level 8. HP: 102/102 MP: 7/7
     8 | D        | Reached XP level 9. HP: 108/108 MP: 8/8
     8 | D        | Reached XP level 10. HP: 117/117 MP: 9/9
     8 | D        | Reached XP level 11. HP: 124/124 MP: 10/10
     8 | D        | Noticed a bag of meat
     9 | D        | Noticed a bag of meat
    11 | D        | Killed a bag of meat
    11 | D        | Killed a bag of meat
    11 | D        | Killed a meat berserker
    11 | D        | Reached *** piety under Makhleb
    11 | D        | Noticed a bag of meat
    11 | D        | Noticed a bag of meat
    11 | D        | Noticed a bag of meat
    12 | D        | Reached XP level 12. HP: 54/146 MP: 11/11
    12 | D        | Reached XP level 13. HP: 57/154 MP: 12/12
    12 | D        | Killed a meat berserker
    12 | D        | Noticed a meat berserker
    13 | D        | Reached XP level 14. HP: 62/166 MP: 13/13
    13 | D        | Killed a bag of meat
    13 | D        | Noticed a bag of meat
    14 | D        | Reached skill level 27 in Fighting
    15 | D        | Killed a bag of meat
    15 | D        | Reached **** piety under Makhleb
    16 | D        | Killed a bag of meat
    17 | D        | Reached XP level 15. HP: 70/174 MP: 14/14
    17 | D        | Killed a meat berserker
    18 | D        | Reached skill level 27 in Dodging
    18 | D        | Reached skill level 27 in Unarmed Combat
    19 | D        | Noticed a large bag of meat
    20 | D        | Killed a large bag of meat
    20 | D        | Reached ***** piety under Makhleb
    21 | D        | Reached skill level 27 in Axes
    21 | D        | Reached XP level 16. HP: 137/183 MP: 15/15
    21 | D        | Noticed a large bag of meat
    21 | D        | Noticed a destroyer
    21 | D        | Annihilated by a large bag of meat

Illustrated notes

Levels and vault maps discovered:
D:        meatsprint

Skill      XL: |  1  2  3  4  5  6  7  8  9 10 11 12 13 14 15 |
---------------+----------------------------------------------+-----
Fighting       | 20 25 26 27 | 27.0
Axes           | 5 9 11 14 27 | 27.0
Dodging        | 18 22 24 26 27 | 27.0
Stealth        | 5 7 8 9 14 | 14.8
Unarmed Combat | 18 22 23 25 27 | 27.0

Action                   |  1- 3 |  4- 6 |  7- 9 | 10-12 | 13-15 | 16-18 || total
-------------------------+-------+-------+-------+-------+-------+-------++-------
Melee: Executioner's axe |     1 |       |       |     1 |     6 |       ||     8

Table legend: (Time is in decaauts)
 A = Elapsed time spent in this place.
 B = Non-inter-level travel time spent in this place.
 C = Inter-level travel time spent in this place.
 D = Time resting spent in this place.
 E = Time spent auto-exploring this place.
 F = Levels seen in this place.
 G = Mean time per level.
                   A        B        C        D        E       F      G
               +--------+--------+--------+--------+--------+-----+--------+
         Total |     23 |     23 |      0 |      0 |      0 |   1 |   23.0 |
       Dungeon |     23 |     23 |      0 |      0 |      0 |   1 |   23.0 |
               +--------+--------+--------+--------+--------+-----+--------+

Top non-repeatable levels by time:
       D: 23 daAuts
